 Dungeon Crawl Stone Soup version 0.26-a0-639-g72c4674329 (webtiles) character file.

Game seed: 14244775140693374609

63 Borgoz the Slasher (level 3, -5/49 HPs)
             Began as a Minotaur Berserker on Sept 19, 2020.
             Was a Follower of Trog.
             Slain by a gnoll
             ... wielding a +0 spear
              (8 damage)
             ... on level 2 of the Dungeon.
             The game lasted 00:00:53 (1282 turns).

Borgoz the Slasher (Minotaur Berserker)             Turns: 1282, Time: 00:00:54

Health: -5/49      AC:  2    Str: 21    XL:     3   Next: 87%
Magic:  2/2        EV: 12    Int:  4    God:    Trog [*.....]
Gold:   88         SH:  0    Dex: 10    Spells: 2/2 levels left

rFire    . . .     SeeInvis .   a - +0 falchion
rCold    . . .     Faith    .   (no shield)
rNeg     . . .     Spirit   .   b - +0 animal skin
rPois    .         Reflect  .   (helmet restricted)
rElec    .         Harm     .   (no cloak)
rCorr    .         Rampage  .   (no gloves)
MR       .....                  (no boots)
Stlth    ..........             (no amulet)
HPRegen  0.16/turn              (no ring)
MPRegen  0.08/turn              (no ring)

@: berserking, very quick
A: retaliatory headbutt, horns 2
a: Berserk, Renounce Religion


You were on level 2 of the Dungeon.
You worshipped Trog.
Trog was aware of your devotion.
You visited 1 branch of the dungeon, and saw 2 of its levels.

You collected 88 gold pieces.

Inventory:

Hand Weapons
 a - a +0 falchion (weapon)
Armour
 b - a +0 animal skin (worn)
Scrolls
 c - a scroll of enchant armour {unknown}
 e - a scroll of enchant weapon {unknown}
 f - a scroll of noise {unknown}
 i - 2 scrolls of remove curse {unknown}
 k - a scroll of random uselessness {unknown}
 l - a scroll of blinking {unknown}
 m - a scroll of identify {unknown}
Potions
 d - a potion of lignification {unknown}
 g - 2 potions of curing {unknown}
 h - a potion of magic {unknown}
 j - a potion of invisibility {unknown}


   Skills:
 + Level 4.3 Fighting
 + Level 4.3 Long Blades
 + Level 3.3 Armour
 + Level 2.9 Dodging


You had 2 spell levels left.
You didn't know any spells.
Your spell library was empty.

Dungeon Overview and Level Annotations

Branches:
Dungeon (2/15)

Altars:


Innate Abilities, Weirdness & Mutations

You reflexively headbutt those who attack you in melee.
You have a pair of horns on your head.


Message History

The gnoll hits you from afar with a +0 halberd!
You are too injured to fight recklessly!
Okay, then.
The gnoll barely misses you. You furiously retaliate!
You headbutt the gnoll.
You riposte.
You slash the gnoll!
You kill the gnoll!
Trog accepts your kill.
You aren't carrying any items that you can evoke.
The gnoll hits you with a +0 spear!
* * * LOW HITPOINT WARNING * * *
You hit the gnoll. You headbutt the gnoll.
The gnoll is heavily wounded.
The gnoll hits you with a +0 spear.
* * * LOW HITPOINT WARNING * * *
A red film seems to cover your vision as you go berserk!
You feel yourself moving faster!
You feel mighty!
The gnoll hits you from afar with a +0 halberd.
* * * LOW HITPOINT WARNING * * *
The gnoll hits you with a +0 spear!
You die...

# ##.# # #. #. #...#.
#.##.######.##.#
#.........#.##.#
..#.#.# #.#.##.#
....... #.#@##.#
#.#.#..##.g#.#.######.
..l....#..###gg.......
.........## ##..#####.
..........###....#
...$##..#..#.#.......
r.. #.g#.#g##...#### #
#.g#.#.######
.....#.####


You could see 3 gnolls.

Vanquished Creatures
  An adder (D:2)
  2 gnolls
  2 leopard geckos
  3 bats (D:1)
  11 goblins (D:1)
  4 hobgoblins
  2 kobolds
  2 frilled lizards
  4 rats
31 creatures vanquished.

Notes
Turn   | Place    | Note
-------+----------+-------------------------------------------
     0 | D:1      | Borgoz the Minotaur Berserker began the quest for the Orb.
     0 | D:1      | Reached XP level 1. HP: 19/19 MP: 0/0
   229 | D:1      | Reached XP level 2. HP: 27/27 MP: 1/1
   457 | D:1      | Reached XP level 3. HP: 24/33 MP: 2/2
  1038 | D:2      | Found a faded altar of an unknown god.
  1282 | D:2      | Slain by a gnoll

Illustrated notes

Levels and vault maps discovered:
D:1:      dpeg_arrival_tiny_g, layout_loops_ring, minmay_tree_intersection,
          chequers_serial_rivers_small_b, chequers_arboretum
D:2:      layout_loops_ring, overflow_temple_1_default,
          chequers_ecumenical_altar_simple_redux

Skill      XL: |  1  2 |
---------------+-------+-----
Long Blades    | 4 |  4.3
Fighting       | 4 |  4.3
Armour         | 3 |  3.3
Dodging        | |  2.9

Action                   || total
-------------------------++-------
Melee: Falchion          ||    59
       Headbutt          ||    15
Invok: Berserk           ||     1
 Stab: Sleeping          ||     2
Armor: Animal skin       ||     7
Dodge: Dodged            ||    40
       Rpst.: Falchion   ||    11

Table legend: (Time is in decaauts)
 A = Elapsed time spent in this place.
 B = Non-inter-level travel time spent in this place.
 C = Inter-level travel time spent in this place.
 D = Time resting spent in this place.
 E = Time spent auto-exploring this place.
 F = Levels seen in this place.
 G = Mean time per level.
                   A        B        C        D        E       F      G
               +--------+--------+--------+--------+--------+-----+--------+
         Total |   1289 |   1266 |     23 |      0 |   1089 |   2 |  644.5 |
       Dungeon |   1289 |   1266 |     23 |      0 |   1089 |   2 |  644.5 |
               +--------+--------+--------+--------+--------+-----+--------+

Top non-repeatable levels by time:
     D:1: 948 daAuts
     D:2: 341 daAuts
